[Event "Titled Tuesday Blitz June 28 Late 2022"]
[White "Gokerkan, Cem Kaan"]
[Black "Bobadilla Viera, Jorge Samuel"]
[WhiteFideId "6336760"]
[BlackFideId "3906353"]
[WhiteElo "2382"]
[BlackElo "2202"]
[Result "1-0"]
[Round "04"]
[TimeControl "180+1"]
[Date "2022.06.28"]
[WhiteClock "0:00:39"]
[BlackClock "0:01:32"]

1. e4 c5 2. Nf3 d6 3. d4 cxd4 4. Nxd4 Nf6 5. Nc3 a6 6. Rg1 g6 7. g4 Bg7 8. g5 Nfd7 9. Be3 b5 10. h4 Bb7 11. h5 Nb6 12. h6 Bf8 13. f3 N8d7 14. a3 Rc8 15. Qd2 Ne5 16. O-O-O Nec4 17. Bxc4 Nxc4 18. Qd3 e6 19. f4 Be7 20. f5 Qd7 21. fxg6 fxg6 22. Rdf1 Rf8 23. Nde2 Ne5 24. Qd1 Nc4 25. Bd4 Rxf1 26. Qxf1 e5 27. Bf2 Qh3 28. Qxh3 1-0


[Site "https://www.chess.com"]

[Event "Titled Tuesday Blitz June 28 Late 2022"]
[White "Golubev, Mikhail"]
[Black "Yuan, Qingyu"]
[WhiteFideId "14100983"]
[BlackFideId "8609772"]
[WhiteElo "2374"]
[BlackElo "2359"]
[Result "0-1"]
[Round "04"]
[TimeControl "180+1"]
[Date "2022.06.28"]
[WhiteClock "0:00:03"]
[BlackClock "0:00:48"]

1. e4 c6 2. d4 d5 3. e5 c5 4. dxc5 e6 5. Nf3 Bxc5 6. Bd3 f6 7. O-O Nc6 8. Bf4 g5 9. Bg3 f5 10. h4 f4 11. Bh2 g4 12. Ng5 g3 13. Qh5+ Kd7 14. Nc3 Qe8 15. Qg4 gxh2+ 16. Kh1 Nh6 17. Qxf4 Rf8 18. Qa4 Qh5 19. Nxh7 Kc7 20. Nxf8 Bxf8 21. Be2 Qg6 22. Nb5+ Kb8 23. Nd6 Nxe5 24. Qe8 Bxd6 0-1


[Site "https://www.chess.com"]

[Event "Titled Tuesday Blitz June 28 Late 2022"]
[White "Goncalves, Davi Sulzbacher"]
[Black "Jaracz, Pawel"]
[WhiteFideId "2154510"]
[BlackFideId "1102222"]
[WhiteElo "2456"]
[BlackElo "2657"]
[Result "0-1"]
[Round "04"]
[TimeControl "180+1"]
[Date "2022.06.29"]
[WhiteClock "0:00:01"]
[BlackClock "0:00:33"]

1. d4 Nf6 2. c4 e6 3. Nf3 b6 4. a3 Ba6 5. Qc2 Bb7 6. Nc3 c5 7. d5 exd5 8. cxd5 Nxd5 9. Qe4+ Qe7 10. Qxd5 Bxd5 11. Nxd5 Qd8 12. Bf4 d6 13. e4 a6 14. O-O-O Nc6 15. Be2 f6 16. Rhe1 Ra7 17. e5 dxe5 18. Bg3 Rd7 19. Bc4 b5 20. Nxe5 fxe5 21. Bxe5 Nxe5 22. Rxe5+ Be7 23. Be2 O-O 24. Bg4 Rxd5 25. Be6+ Kh8 26. Bxd5 Bd6 27. Re2 Qg5+ 28. f4 Bxf4+ 29. Kb1 c4 30. g3 Be5 31. Be6 Bf6 32. g4 c3 33. bxc3 Qc5 0-1


[Site "https://www.chess.com"]

[Event "Titled Tuesday Blitz June 28 Late 2022"]
[White "Gulecyuz, Deniz"]
[Black "De Souza, Cristiano Gomes"]
[WhiteFideId "30921341"]
[BlackFideId "2151758"]
[WhiteElo "1923"]
[BlackElo "2068"]
[Result "0-1"]
[Round "04"]
[TimeControl "180+1"]
[Date "2022.06.29"]
[WhiteClock "0:00:07"]
[BlackClock "0:01:39"]

1. d4 Nf6 2. c4 g6 3. Nc3 d6 4. e4 Bg7 5. Nf3 O-O 6. Be2 e5 7. d5 Nbd7 8. h4 Nc5 9. Nd2 a5 10. g4 Qe7 11. g5 Ne8 12. Nf1 f5 13. h5 fxe4 14. Ng3 Bf5 15. Nxf5 gxf5 16. h6 Bh8 17. Rg1 f4 18. g6 hxg6 19. Rxg6+ Kh7 20. Rg1 Nf6 21. Bh5 Rg8 22. Kd2 Rxg1 23. Qxg1 Rg8 24. Qh1 Nxh5 25. Qxh5 Qf6 26. Kc2 e3 27. fxe3 Rg5 28. Qe8 Qf5+ 29. Kd2 Qd3+ 30. Ke1 Rg1+ 0-1


[Site "https://www.chess.com"]

[Event "Titled Tuesday Blitz June 28 Late 2022"]
[White "Hansen, Eric"]
[Black "Krishnan, Varun"]
[WhiteFideId "2606771"]
[BlackFideId "5054508"]
[WhiteElo "2568"]
[BlackElo "2548"]
[Result "1/2-1/2"]
[Round "04"]
[TimeControl "180+1"]
[Date "2022.06.29"]
[WhiteClock "0:00:09"]
[BlackClock "0:00:09"]

1. b3 d5 2. Bb2 Kd7 3. e3 Ke8 4. Qe2 Nf6 5. Kd1 c5 6. Ke1 Nc6 7. a3 d4 8. d3 b5 9. Nd2 Bb7 10. Ngf3 g6 11. Rg1 Bg7 12. g4 Nd5 13. Ne4 Qa5+ 14. Qd2 Qxd2+ 15. Nfxd2 dxe3 16. Bxg7 exd2+ 17. Kxd2 Rg8 18. Bb2 Nd4 19. Bg2 Ne6 20. Rge1 Ndf4 21. Nd6+ exd6 22. Bxb7 Rb8 23. Bc6+ Kd8 24. h4 Kc7 25. Bh1 Rge8 26. Re3 c4 27. Bc3 cxb3 28. cxb3 Nc5 29. Rb1 Kd7 30. b4 Nce6 31. Bf3 d5 32. Be5 Rbc8 33. a4 a6 34. Ra1 d4 35. Re4 Nd5 36. axb5 Nxb4 37. Bd1 Nxd3 38. Kxd3 Nc5+ 39. Kxd4 Nxe4 40. bxa6 Nc5 41. a7 Ne6+ 42. Kd3 Nc5+ 43. Kd4 f6 44. Bg3 Ne6+ 45. Kd3 Nc5+ 46. Kd2 Ne4+ 47. Kd3 Nc5+ 48. Kc2 Ne4+ 49. Kb2 Nc5 50. Bf3 Nd3+ 51. Kb3 Nc5+ 52. Kb4 Ne4 53. Bxe4 Rxe4+ 54. Kb5 Ree8 55. Rd1+ Ke6 56. Kb6 Rc2 57. Rb1 Ra2 58. Kb7 Kf7 59. Bb8 Re7+ 60. Kb6 Re6+ 61. Kb5 Re7 62. Kb6 Re6+ 63. Kb7 Re7+ 64. Ka8 Rd7 65. f3 Re7 66. Rb3 Ra4 67. Rc3 Ra2 68. Rb3 Ra4 69. Rb7 Ke6 70. Rxe7+ Kxe7 71. Kb7 Rb4+ 72. Kc6 Ra4 73. Kb7 Rb4+ 74. Ka6 Ra4+ 75. Kb6 Ra1 76. Kc5 Kd7 77. Kd5 Ke7 78. Bd6+ Kd7 79. Bc5 Ra5 80. f4 Ra4 81. f5 gxf5 82. gxf5 Ra5 83. h5 Ra4 84. h6 Ra5 85. Kc4 Kc6 86. Bd4 Ra4+ 87. Kd3 Kd5 88. Bb6 Ke5 89. Ke3 Kxf5 90. Kf3 Kg6 91. Be3 f5 92. Kg3 f4+ 93. Bxf4 Rxa7 94. Kg4 Ra4 95. Kg3 Kf5 96. Bd2 Ra3+ 97. Kh4 Rd3 98. Bc1 Rc3 99. Bd2 Rc2 100. Be3 Rc4+ 101. Kg3 Rc3 102. Kf2 Rb3 103. Ke2 Ke4 104. Bg5 Rb2+ 105. Kf1 Kf3 106. Ke1 Re2+ 107. Kd1 Rg2 108. Bd2 Ke4 109. Ke1 Kd3 110. Bf4 Ke4 111. Bd2 Kf3 112. Kd1 Rg1+ 113. Kc2 Ke4 114. Kc3 Rg3+ 115. Kc2 Rg2 116. Kc3 Rg6 117. Bc1 Rc6+ 118. Kb2 Kd3 119. Bg5 Rc2+ 120. Kb3 Rg2 121. Bf4 Rg4 122. Bc1 Re4 123. Kb2 Rb4+ 124. Ka3 Rb7 125. Ka4 Kc4 126. Ka5 Kc5 127. Be3+ Kc6 128. Ka4 Kd5 129. Ka5 Ke4 130. Ka6 Rb1 131. Bg5 Kf5 132. Be3 Kg6 133. Ka5 Rb3 134. Bd2 Rb2 135. Be3 Re2 136. Bc1 Rh2 137. Kb4 Rxh6 138. Bxh6 Kxh6 139. Kc3 Kg5 140. Kd2 Kg4 141. Ke2 Kg3 142. Kf1 Kh2 143. Kf2 h5 144. Kf1 h4 145. Kf2 h3 146. Kf1 Kg3 147. Kg1 h2+ 148. Kh1 Kh3 1/2-1/2


[Site "https://www.chess.com"]

[Event "Titled Tuesday Blitz June 28 Late 2022"]
[White "Hoffmann, Asa"]
[Black "Colivet Gamboa, Julio Cesar"]
[WhiteFideId "2001470"]
[BlackFideId "3949583"]
[WhiteElo "2117"]
[BlackElo "1743"]
[Result "0-1"]
[Round "04"]
[TimeControl "180+1"]
[Date "2022.06.29"]
[WhiteClock "0:00:02"]
[BlackClock "0:00:17"]

1. d4 Nf6 2. Bg5 c5 3. d5 Qb6 4. Nc3 d6 5. e4 Nbd7 6. Rb1 g6 7. Qd2 Bg7 8. Nf3 a6 9. h3 Qa5 10. a3 b5 11. Bd3 Rb8 12. O-O O-O 13. Rfe1 b4 14. axb4 Rxb4 15. Bh6 c4 16. Bxg7 Kxg7 17. Bf1 Qb6 18. Nd1 Nc5 19. e5 dxe5 20. Nxe5 Nce4 21. Qe3 Qxe3 22. Nxe3 Nd2 23. Rbd1 Nxf1 24. Kxf1 Rxb2 25. N5xc4 Rb4 26. c3 Rb3 27. Rc1 Ne4 28. Nd1 Bf5 29. g4 Rc8 30. Nce3 Bd7 31. c4 Nd2+ 32. Kg2 Rc5 33. Rc2 Ne4 34. f3 Nd6 35. Nf2 a5 36. Ne4 Nxe4 37. fxe4 a4 38. Ra2 a3 39. Nc2 Rxc4 40. Nxa3 Ra4 41. Rea1 Rxe4 42. Nc2 Rd3 43. Re1 Rd2+ 44. Kf3 Rxe1 45. Ra7 Rxc2 46. Rxd7 Rd2 47. Rxe7 Rxe7 48. d6 Rd7 0-1


[Site "https://www.chess.com"]

[Event "Titled Tuesday Blitz June 28 Late 2022"]
[White "Holt, Conrad"]
[Black "Della Morte, German"]
[WhiteFideId "2034387"]
[BlackFideId "113522"]
[WhiteElo "2586"]
[BlackElo "2363"]
[Result "1-0"]
[Round "04"]
[TimeControl "180+1"]
[Date "2022.06.28"]
[WhiteClock "0:01:52"]
[BlackClock "0:00:11"]

1. d4 Nf6 2. c4 g6 3. Nc3 Bg7 4. e4 d6 5. Nf3 O-O 6. h3 e5 7. dxe5 dxe5 8. Qxd8 Rxd8 9. Bg5 c6 10. Nxe5 Re8 11. O-O-O Na6 12. Nf3 Nc5 13. e5 Nfe4 14. Nxe4 Nxe4 15. Be3 b6 16. Bd3 Nc5 17. Bxc5 bxc5 18. Be4 Bb7 19. Rd7 Rab8 20. Rxb7 Rxb7 21. Bxc6 Rbb8 22. Bxe8 Rxe8 23. Re1 Kf8 24. Kc2 Ke7 25. Ng5 h6 26. Ne4 Rc8 27. f4 Bf8 28. Rd1 Ke6 29. g4 Rb8 30. Rd5 Rc8 31. Ng3 Rb8 32. f5+ Ke7 33. Rxc5 Kd7 34. Rd5+ Kc6 35. f6 Re8 36. Ne4 a6 37. a3 Rb8 38. b4 Re8 39. Kd3 Rb8 40. Nc3 Re8 41. Ne2 Rb8 42. Nd4+ Kc7 43. c5 Re8 44. Kc4 h5 45. g5 h4 46. a4 Ra8 47. a5 Rb8 48. e6 fxe6 49. Nxe6+ Kc6 50. Nxf8 Rxf8 51. Rd6+ Kb7 52. c6+ Kc7 53. Kc5 Re8 54. Rd7+ Kc8 55. f7 Re5+ 56. Kb6 Rf5 1-0


[Site "https://www.chess.com"]

[Event "Titled Tuesday Blitz June 28 Late 2022"]
[White "Hua, Lefong"]
[Black "Prydun, Andriy"]
[WhiteFideId "2602253"]
[BlackFideId "14145898"]
[WhiteElo "2596"]
[BlackElo "2063"]
[Result "1-0"]
[Round "04"]
[TimeControl "180+1"]
[Date "2022.06.29"]
[WhiteClock "0:00:43"]
[BlackClock "0:00:02"]

1. d4 Nf6 2. c4 e6 3. Nc3 Bb4 4. f3 a6 5. a3 Ba5 6. e4 d6 7. Bd3 c5 8. d5 O-O 9. Ne2 b5 10. O-O bxc4 11. Bxc4 e5 12. Rb1 Nbd7 13. Be3 Rb8 14. Ng3 Re8 15. Qd3 Ra8 16. Bg5 Bc7 17. Nf5 Nf8 18. g4 Ng6 19. Ne2 h6 20. Be3 Nh7 21. Qd2 Bd7 22. Kh1 Bb5 23. b3 Ba5 24. Qc1 Rb8 25. Qc2 Qd7 26. Nc3 Bd8 27. Bxb5 axb5 28. a4 b4 29. Nb5 Be7 30. Qd2 Rxb5 31. axb5 Qxb5 32. Ra1 Qb6 33. Qe2 Bg5 34. Ra6 Qb7 35. Nxd6 1-0


[Site "https://www.chess.com"]

[Event "Titled Tuesday Blitz June 28 Late 2022"]
[White "Ibarra Jerez, Jose Carlos"]
[Black "Paszewski, Mateusz"]
[WhiteFideId "2226332"]
[BlackFideId "1141058"]
[WhiteElo "2628"]
[BlackElo "2171"]
[Result "1/2-1/2"]
[Round "04"]
[TimeControl "180+1"]
[Date "2022.06.28"]
[WhiteClock "0:00:05"]
[BlackClock "0:00:09"]

1. e4 c6 2. Nf3 d5 3. d3 Qc7 4. exd5 cxd5 5. c4 Nf6 6. Nc3 e6 7. g3 Bb4 8. Bd2 O-O 9. Qe2 dxc4 10. dxc4 b6 11. Bg2 Bb7 12. O-O Bxc3 13. Bxc3 Nbd7 14. b3 Rfd8 15. Rac1 Rac8 16. Rfe1 Bc6 17. Bh3 Qb7 18. Nd4 Be4 19. Nxe6 fxe6 20. Bxe6+ Kh8 21. Bxd7 Qxd7 22. Bxf6 Bd3 23. Qe5 gxf6 24. Qxf6+ Qg7 25. Qxg7+ Kxg7 26. Re7+ Kg6 27. Rxa7 Be4 28. Re7 Rd4 29. Re1 Ba8 30. h4 Rcd8 31. Kh2 Rd2 32. Kh3 h5 33. R1e6+ Kf5 34. Re5+ Kf6 35. R5e6+ Kf5 36. Re1 Kg6 37. R7e6+ Kf7 38. R6e5 Rxf2 39. Re7+ Kf6 40. R7e6+ Kf7 41. Re7+ Kf8 42. R7e2 Rxe2 43. Rxe2 Bb7 44. Re5 Rd2 45. Rxh5 Bc8+ 46. g4 Rd3+ 47. Kg2 Bxg4 48. Rh6 Bd1 49. Rxb6 Rd2+ 50. Kg3 Rxa2 51. Kf4 Rb2 52. Kg5 Rxb3 53. Rf6+ Ke7 54. Rf1 Be2 55. Re1 Re3 56. Kf4 Re6 57. c5 Bb5 58. Rb1 Bc6 59. Rb6 Bd5 60. Rb4 Kf6 61. Rd4 Bc6 62. h5 Be8 63. h6 Bg6 64. Rd8 Re4+ 65. Kf3 Rc4 66. Rd6+ Kg5 67. c6 Kxh6 68. Ke3 Kg5 69. Kd2 Kf5 70. Ke3 Bf7 71. Rd7 Be6 72. Rd6 Ke5 73. Rd8 Rxc6 74. Re8 Rc3+ 75. Ke2 Rh3 76. Re7 Kf5 77. Kd2 Bd5 78. Re3 Rh2+ 79. Kd3 Rh4 80. Re7 Ra4 81. Ke3 Be6 82. Re8 Ra3+ 83. Ke2 Ke5 84. Re7 Ra4 85. Ke3 Rh4 86. Ke2 Rh3 87. Re8 Kd5 88. Kf2 Bf5 89. Re3 Rh2+ 90. Kf3 Rh8 91. Kf4 Be6 92. Re5+ Kd6 93. Re3 Rf8+ 94. Ke4 Ra8 95. Rc3 Ra4+ 96. Ke3 Ke5 97. Rc7 Ra3+ 98. Ke2 Kd4 99. Re7 Bd5 100. Kf2 Rf3+ 101. Ke2 Rh3 102. Kf2 Rh2+ 103. Kg3 Rg2+ 104. Kf4 Rf2+ 105. Kg5 Rf8 106. Ra7 Be4 107. Ra5 Bd5 108. Rb5 Ke5 109. Ra5 Rg8+ 110. Kh5 Rg1 111. Rb5 Ke4 112. Kh6 Be6 113. Rg5 Rf1 114. Kg6 Bf7+ 115. Kg7 Bd5 116. Rg4+ Ke5 117. Kg6 Rf8 118. Kg5 Rg8+ 119. Kh4 Rh8+ 120. Kg5 Be4 121. Rg3 Rf8 122. Kg4 Rg8+ 123. Kh4 Rh8+ 1/2-1/2


[Site "https://www.chess.com"]

[Event "Titled Tuesday Blitz June 28 Late 2022"]
[White "Ipek, Egehan"]
[Black "Al-Tarboush, Ward"]
[WhiteFideId "44523793"]
[BlackFideId "7601450"]
[WhiteElo "1413"]
[BlackElo "2249"]
[Result "1-0"]
[Round "04"]
[TimeControl "180+1"]
[Date "2022.06.29"]
[WhiteClock "0:00:43"]
[BlackClock "0:00:54"]

1. c4 c5 2. g3 Nc6 3. Bg2 g6 4. Nf3 Bg7 5. O-O Nh6 6. d3 Nf5 7. Nc3 O-O 8. Rb1 a6 9. a3 Rb8 10. Bd2 b5 11. cxb5 axb5 12. b4 cxb4 13. axb4 d5 14. Qb3 d4 15. Ne4 Be6 16. Qb2 Qb6 17. Rfc1 Bd5 18. Nc5 Rfd8 19. Ne1 Bxg2 20. Nxg2 h5 21. h4 Ra8 22. Rc2 Ne5 23. Rbc1 Ng4 24. Ne4 Qe6 25. Nf4 Qa6 26. Rc5 Qa4 27. Nd5 Nd6 28. Nxe7+ Kh8 29. Nxd6 Rxd6 30. Rc8+ Rd8 31. Rxd8+ Rxd8 32. Ra1 1-0


[Site "https://www.chess.com"]

[Event "Titled Tuesday Blitz June 28 Late 2022"]
[White "Isajevsky, Anton"]
[Black "Fernandez Siles, Luis"]
[WhiteFideId "4142500"]
[BlackFideId "2209420"]
[WhiteElo "2510"]
[BlackElo "2211"]
[Result "0-1"]
[Round "04"]
[TimeControl "180+1"]
[Date "2022.06.29"]
[WhiteClock "0:00:05"]
[BlackClock "0:00:07"]

1. c4 Nf6 2. Nc3 g6 3. e4 d6 4. d4 Bg7 5. h3 O-O 6. Be3 Nbd7 7. Nf3 e5 8. d5 Qe7 9. g4 c5 10. Bd3 Kh8 11. Ne2 a6 12. Ng3 Rb8 13. g5 Ne8 14. h4 b5 15. b3 f5 16. exf5 gxf5 17. Nxf5 Rxf5 18. Bxf5 e4 19. Nd2 Ne5 20. Bxc8 Nd3+ 21. Ke2 Rxc8 22. Nxe4 Nb2 23. Qc2 bxc4 24. bxc4 Qd7 25. Rab1 Na4 26. f3 Bd4 27. Bxd4+ cxd4 28. Rhd1 Ng7 29. Rxd4 Re8 30. Rd3 Nc5 31. Re3 Qh3 32. Nxc5 Qg2+ 33. Kd1 Qf1+ 34. Kd2 Qf2+ 35. Kc3 Rxe3+ 36. Nd3 Qxf3 37. Rb8+ Ne8 38. Qd2 Qe4 39. Rc8 Kg7 40. Kb3 Kg6 41. Kc3 Ng7 42. Rc6 Nf5 43. h5+ Kxg5 44. Kb3 Qxd3+ 45. Qxd3 Rxd3+ 46. Kb4 Rd2 47. Rxa6 Ne3 48. c5 Rxd5 49. c6 Rc5 50. a4 Nd5+ 51. Kb3 Kxh5 52. a5 Kg5 53. c7 Nxc7 54. Rxd6 Rxa5 55. Kb4 Rf5 56. Rd7 Nd5+ 57. Kc4 h5 58. Rxd5 Rxd5 59. Kxd5 Kf4 60. Kd4 h4 61. Kd3 Kf3 62. Kd4 h3 0-1


[Site "https://www.chess.com"]

[Event "Titled Tuesday Blitz June 28 Late 2022"]
[White "Jobava, Baadur"]
[Black "Gubajdullin, Alexei"]
[WhiteFideId "13601520"]
[BlackFideId "4141202"]
[WhiteElo "2617"]
[BlackElo "2280"]
[Result "1-0"]
[Round "04"]
[TimeControl "180+1"]
[Date "2022.06.28"]
[WhiteClock "0:01:56"]
[BlackClock "0:00:05"]

1. b3 Nf6 2. Bb2 g6 3. Bxf6 exf6 4. c4 d5 5. cxd5 Qxd5 6. Nc3 Qa5 7. a3 c6 8. e3 Bg7 9. Nf3 O-O 10. Be2 f5 11. b4 Qd8 12. d4 f4 13. exf4 a5 14. O-O axb4 15. axb4 Rxa1 16. Qxa1 Bxd4 17. Rd1 Bxc3 18. Qxc3 Qe7 19. Ne5 Rd8 20. g3 Rxd1+ 21. Bxd1 Be6 22. Bf3 Nd7 23. Qd4 f6 24. Nd3 Kg7 25. Kg2 Bf5 26. Nc5 Nxc5 27. bxc5 Be6 28. h4 Qf7 29. Kh2 Bd5 30. Bd1 Qe7 31. Qe3 Qe4 32. Qxe4 Bxe4 33. Kg1 Kf7 34. Bb3+ Bd5 35. Bc2 Ke6 36. h5 f5 37. h6 Kf6 38. Kf1 Be6 39. Ke2 g5 40. Ke3 Kg6 41. fxg5 Kxg5 42. f4+ Kxh6 43. Kd4 Kg6 44. Ke5 Bc8 45. g4 h6 46. Bd3 Bd7 47. Kd6 Be8 48. Ke7 Bf7 49. Bxf5+ Kg7 50. Bc8 Bd5 51. f5 Kg8 52. f6 Bf7 53. Bxb7 Bd5 54. Bxc6 1-0


[Site "https://www.chess.com"]

[Event "Titled Tuesday Blitz June 28 Late 2022"]
[White "Jorajuria Mendoza, Algol"]
[Black "Ward, Ieuan C"]
[WhiteFideId "5128897"]
[BlackFideId "406627"]
[WhiteElo "1600"]
[BlackElo "2349"]
[Result "1-0"]
[Round "04"]
[TimeControl "180+1"]
[Date "2022.06.29"]
[WhiteClock "0:00:30"]
[BlackClock "0:00:02"]

1. e4 d5 2. exd5 Qxd5 3. Nc3 Qd6 4. d4 Nf6 5. Nf3 c6 6. g3 Bg4 7. Bg2 e6 8. Bf4 Qb4 9. O-O Nbd7 10. h3 Bxf3 11. Bxf3 Be7 12. Qd3 O-O 13. a3 Qa5 14. b4 Qd8 15. Nd1 Nd5 16. Bd2 Bf6 17. c4 Ne7 18. Bc3 Ne5 19. Qe2 Nxf3+ 20. Qxf3 Bxd4 21. Bxd4 Qxd4 22. Ne3 Rfd8 23. Rfd1 Qc3 24. b5 cxb5 25. Qxb7 Nf5 26. Nxf5 exf5 27. Qxb5 f4 28. Qg5 Rxd1+ 29. Rxd1 Qxa3 30. Qxf4 h6 31. Rd7 Qa1+ 32. Kg2 Rf8 33. c5 Qc3 34. Qd6 Rc8 35. Qd5 Rf8 36. c6 a5 37. c7 a4 38. Qb7 Qc4 39. Rd8 1-0


[Site "https://www.chess.com"]

[Event "Titled Tuesday Blitz June 28 Late 2022"]
[White "Jorquera, Marcelo"]
[Black "Pinheiro, Iung Alicio de O."]
[WhiteFideId "3401197"]
[BlackFideId "2104350"]
[WhiteElo "2136"]
[BlackElo "2283"]
[Result "1-0"]
[Round "04"]
[TimeControl "180+1"]
[Date "2022.06.29"]
[WhiteClock "0:00:18"]
[BlackClock "0:00:05"]

1. e4 c5 2. Nc3 a6 3. a4 b6 4. g3 Bb7 5. Bg2 e6 6. Nge2 Nf6 7. d3 d5 8. exd5 Nxd5 9. O-O Be7 10. Re1 Nxc3 11. Nxc3 Bxg2 12. Kxg2 Nc6 13. Be3 O-O 14. Qg4 Bf6 15. h4 Nb4 16. Re2 Kh8 17. h5 h6 18. Rb1 Bxc3 19. bxc3 Nd5 20. Bd2 Qf6 21. Qf3 Qxf3+ 22. Kxf3 Rab8 23. c4 Ne7 24. g4 Nc6 25. Bc3 Rb7 26. Ree1 Rfb8 27. Rb2 Kg8 28. Reb1 f6 29. Ke4 Kf7 30. f4 Ne7 31. a5 b5 32. cxb5 axb5 33. a6 Ra7 34. Rxb5 Rxb5 35. Rxb5 Rxa6 36. Rxc5 Nd5 37. Bd2 Ra4+ 38. c4 Ne7 39. Rc7 Ke8 40. f5 exf5+ 41. gxf5 Kd8 42. Rb7 Ra2 43. Bf4 Re2+ 44. Kf3 Re1 45. c5 Nc6 46. Bd6 Nd4+ 47. Kf2 Re2+ 48. Kf1 Rd2 49. Rxg7 Rc2 50. Rf7 Nxf5 51. Rxf6 Ne3+ 52. Ke1 1-0


[Site "https://www.chess.com"]

[Event "Titled Tuesday Blitz June 28 Late 2022"]
[White "Kapitsyn, Mark"]
[Black "Kovacevic, Radmila"]
[WhiteFideId "4116240"]
[BlackFideId "933171"]
[WhiteElo "2287"]
[BlackElo "2115"]
[Result "1/2-1/2"]
[Round "04"]
[TimeControl "180+1"]
[Date "2022.06.29"]
[WhiteClock "0:00:07"]
[BlackClock "0:00:03"]

1. e4 e5 2. Nf3 d5 3. Nxe5 Bd6 4. d4 dxe4 5. Bc4 Bxe5 6. Qh5 Qe7 7. Qxe5 Qxe5 8. dxe5 Nc6 9. Bf4 Nge7 10. Bb5 Bf5 11. O-O O-O-O 12. Bg5 Rd5 13. Nc3 Rxe5 14. Bf4 Rc5 15. Be3 Re5 16. Bf4 Re6 17. Bc4 Rf6 18. Bg5 Rg6 19. Bxe7 Nxe7 20. Bxf7 Rg5 21. Rfe1 Rf8 22. Bc4 Nc6 23. Nxe4 Bxe4 24. Rxe4 Ne5 25. Be2 Rgf5 26. f3 Nc6 27. Rd1 a6 28. Bc4 Rc5 29. Bb3 Kb8 30. c3 Rff5 31. Rd7 Ne5 32. Rxg7 h5 33. Re7 Nd3 34. Re2 Nc1 35. Rd2 Nxb3 36. axb3 Rb5 37. b4 a5 38. bxa5 Rxa5 39. Rd8+ Ka7 40. Rxc7 Ra1+ 41. Kf2 Rb5 42. b4 Ra2+ 43. Kg3 Rg5+ 44. Kf4 Raxg2 45. Rdd7 Rb5 46. h4 Rg6 47. Rh7 Rf6+ 48. Ke3 Re6+ 49. Kf2 Rd6 50. f4 Re6 51. Kf3 Ka6 52. Rhe7 Rd6 53. Rcd7 Rc6 54. Rc7 Rf6 55. Rf7 Rd6 56. f5 Rd3+ 57. Ke4 Rd1 58. f6 Re1+ 59. Kd3 Rd1+ 60. Ke2 Rh1 61. Rh7 Rxh4 62. f7 Rf4 63. Rh8 Rbf5 64. Ra8+ Kb6 65. Re7 Rxf7 66. Rxf7 Rxf7 67. Rh8 Rf5 68. Ke3 Kb5 69. Kd3 Rd5+ 70. Kc2 b6 71. Rg8 Rf5 72. Rh8 Kc4 73. Rc8+ Kb5 74. Kb3 h4 75. Rh8 Rf4 76. c4+ Kc6 77. Rh6+ Kb7 78. Kc3 Ka7 79. Kd3 Rg4 80. Rh5 Kb7 81. Rh6 Kc7 82. Ke3 Rxc4 83. b5 Rb4 84. Kd3 h3 85. Kc3 Rxb5 86. Rxh3 Rc5+ 87. Kb3 Kc6 88. Rh6+ Kb5 89. Rh4 Re5 90. Rb4+ Ka6 91. Rh4 Ka5 92. Rg4 Re3+ 93. Kb2 b5 94. Rg2 b4 95. Rh2 Ka4 96. Rg2 Rb3+ 97. Ka2 Rd3 98. Kb2 Rb3+ 99. Ka2 Ra3+ 100. Kb2 Rb3+ 1/2-1/2


[Site "https://www.chess.com"]

[Event "Titled Tuesday Blitz June 28 Late 2022"]
[White "Katz, Alexander"]
[Black "Kostiukov, Alexandr"]
[WhiteFideId "2039796"]
[BlackFideId "14108100"]
[WhiteElo "2371"]
[BlackElo "2202"]
[Result "1/2-1/2"]
[Round "04"]
[TimeControl "180+1"]
[Date "2022.06.29"]
[WhiteClock "0:01:09"]
[BlackClock "0:01:07"]

1. d4 g6 2. c4 Bg7 3. Nc3 d6 4. e4 e5 5. dxe5 dxe5 6. Qxd8+ Kxd8 7. Be3 Be6 8. O-O-O+ Nd7 9. h4 Bh6 10. Bxh6 Nxh6 11. h5 g5 12. g3 c6 13. f4 gxf4 14. gxf4 exf4 15. Rh4 Ng4 16. Rd6 Ke7 17. Rxe6+ fxe6 18. Rxg4 Rhg8 19. Rxg8 Rxg8 20. Nf3 Kf6 21. e5+ Nxe5 22. Ne4+ Kf5 23. Nd6+ Kf6 24. Ne4+ Kf5 25. Nd6+ Kf6 26. Ne4+ 1/2-1/2


[Site "https://www.chess.com"]

[Event "Titled Tuesday Blitz June 28 Late 2022"]
[White "Keymer, Vincent"]
[Black "Aggelis, Nikolaos"]
[WhiteFideId "12940690"]
[BlackFideId "4213220"]
[WhiteElo "2548"]
[BlackElo "2154"]
[Result "1-0"]
[Round "04"]
[TimeControl "180+1"]
[Date "2022.06.28"]
[WhiteClock "0:02:18"]
[BlackClock "0:01:29"]

1. b3 Nf6 2. Bb2 d5 3. Nf3 g6 4. g3 Bg7 5. Bg2 O-O 6. c4 c5 7. cxd5 Qxd5 8. Nc3 Qd7 9. Rc1 Nc6 10. Na4 b6 11. Ne5 Nxe5 12. Bxa8 Bb7 13. Bxb7 Qxb7 14. O-O Nfd7 15. f4 Nc6 16. Bxg7 Kxg7 17. e3 Nf6 18. Qf3 Qd7 19. d4 Qh3 20. Qxc6 Ng4 21. Qg2 Qxg2+ 22. Kxg2 Nxe3+ 23. Kf3 Nxf1 24. Rxf1 cxd4 25. Rc1 Re8 26. Nb2 e5 27. Re1 f6 28. Nd3 Rc8 29. fxe5 fxe5 30. Rxe5 Rc3 31. Ke4 Rc2 32. Re7+ Kf6 33. Rxa7 Rxh2 34. Ra6 h5 35. a4 g5 36. a5 h4 37. gxh4 gxh4 38. axb6 Re2+ 39. Kxd4 1-0


[Site "https://www.chess.com"]

[Event "Titled Tuesday Blitz June 28 Late 2022"]
[White "Khan, Taffin"]
[Black "Federzoni, Enzo"]
[WhiteFideId "19700024"]
[BlackFideId "2173301"]
[WhiteElo "1956"]
[BlackElo "1949"]
[Result "1-0"]
[Round "04"]
[TimeControl "180+1"]
[Date "2022.06.29"]
[WhiteClock "0:00:12"]
[BlackClock "0:01:01"]

1. e4 c5 2. Nf3 d6 3. c3 Nf6 4. h3 Nc6 5. d4 cxd4 6. cxd4 g6 7. Nc3 d5 8. e5 Ne4 9. Bd3 Bf5 10. O-O Bg7 11. Qe2 Nxc3 12. bxc3 Bxd3 13. Qxd3 O-O 14. Nh2 Na5 15. f4 Nc4 16. g4 Rc8 17. a3 Qa5 18. Ra2 Nb6 19. Rc2 Na4 20. Bd2 Rc4 21. f5 Rfc8 22. Rf3 Qb5 23. Nf1 Qb3 24. Ne3 Qxa3 25. Nxc4 Rxc4 26. Rc1 Qb2 27. Rcf1 g5 28. h4 gxh4 29. g5 Qb6 30. f6 exf6 31. gxf6 Bf8 32. Rh3 Qb2 33. Rxh4 h6 34. Qg3+ Kh8 35. Bxh6 Rxd4 36. Bxf8+ Rxh4 37. Qg7# 1-0


[Site "https://www.chess.com"]

[Event "Titled Tuesday Blitz June 28 Late 2022"]
[White "Kim, Sergey"]
[Black "Bluebaum, Matthias"]
[WhiteFideId "13700570"]
[BlackFideId "24651516"]
[WhiteElo "2594"]
[BlackElo "2556"]
[Result "0-1"]
[Round "04"]
[TimeControl "180+1"]
[Date "2022.06.28"]
[WhiteClock "0:01:39"]
[BlackClock "0:01:48"]

1. d4 Nf6 2. c4 e6 3. Nc3 d5 4. Nf3 Bb4 5. e3 O-O 6. Bd3 dxc4 7. Bxc4 c5 8. O-O a6 9. a3 Bxc3 10. bxc3 b5 11. Ba2 c4 12. Bb1 Bb7 13. Qe2 Ne4 14. Bb2 Nd7 15. Ne1 f5 16. f3 Nd6 17. g3 e5 18. Ng2 e4 19. f4 Nb6 20. Bc2 a5 21. Kh1 Nd5 22. g4 fxg4 23. Qxg4 Nf5 24. Rg1 Qe7 25. Qh3 Ra6 26. Rab1 Rh6 27. Qg4 Ndxe3 28. Nxe3 Nxe3 0-1


[Site "https://www.chess.com"]

[Event "Titled Tuesday Blitz June 28 Late 2022"]
[White "Korchmar, Vasiliy"]
[Black "Jaskolka, Tomasz"]
[WhiteFideId "24131750"]
[BlackFideId "1170791"]
[WhiteElo "2696"]
[BlackElo "2468"]
[Result "1-0"]
[Round "04"]
[TimeControl "180+1"]
[Date "2022.06.29"]
[WhiteClock "0:00:07"]
[BlackClock "0:00:08"]

1. e4 c5 2. Nf3 e6 3. d4 cxd4 4. Nxd4 Nc6 5. Nc3 Qc7 6. g3 a6 7. Bg2 Nf6 8. O-O Nxd4 9. Qxd4 Bc5 10. Bf4 d6 11. Qd3 Ng4 12. Na4 Ne5 13. Qc3 f6 14. Be3 Bd7 15. Nxc5 dxc5 16. f4 Ng4 17. Qxc5 Rc8 18. Qxc7 Rxc7 19. Bb6 Rxc2 20. h3 Rxb2 21. Rab1 Rxb1 22. Rxb1 Nh6 23. e5 fxe5 24. fxe5 O-O 25. Bc5 Rc8 26. Rxb7 Rxc5 27. Rxd7 Rxe5 28. Ra7 Ra5 29. Bf1 Rxa2 30. Bc4 Ra1+ 31. Kf2 Kf8 32. Bxe6 a5 33. g4 g5 34. Rxh7 Ng8 35. Rh8 Ke7 36. Bxg8 a4 37. Bc4 Kf6 38. Ra8 Ke5 39. Ra5+ Kf4 40. Bg8 a3 41. Rf5+ Ke4 42. Ra5 Kf4 43. Rf5+ Ke4 44. Rxg5 a2 45. Bxa2 Rxa2+ 46. Kg3 Ra3+ 47. Kh4 Kf4 48. Rf5+ Ke4 49. Rf8 Ra7 50. Rf1 Rh7+ 51. Kg3 Ke5 52. h4 Ra7 53. g5 Ra3+ 54. Kg4 Ra4+ 55. Kh5 Ke6 56. Rf6+ Ke7 57. Rf2 Ke8 58. Kh6 Rxh4+ 59. Kg7 Rg4 60. g6 Ke7 61. Kh7 Rh4+ 62. Kg8 Rh5 63. g7 Rg5 64. Re2+ Kf6 65. Kf8 Ra5 66. Rf2+ Ke5 67. g8=Q Ke4 68. Qg4+ Ke3 69. Rf3+ Kd2 70. Qg2+ Kc1 71. Rf1# 1-0


[Site "https://www.chess.com"]